 Dungeon Crawl Stone Soup version 0.19-a0-1704-gbd66c22 (webtiles) character file.

20704 Alarkh the Basher (level 12, -4/84 HPs)
             Began as a Mummy Necromancer on Sept 27, 2016.
             Was the Champion of Okawaru.
             Killed from afar by Frances (12 damage)
             ... with a shard of ice
             ... on level 13 of the Dungeon.
             The game lasted 00:34:23 (13188 turns).

Alarkh the Basher (Mummy Necromancer)              Turns: 13188, Time: 00:34:24

Health: -4/84      AC: 14    Str: 12    XL:     12   Next: 47%
Magic:  4/24       EV: 14    Int: 19    God:    Okawaru [******]
Gold:   216        SH:  5    Dex: 16    Spells: 5 memorised, 10 levels left

rFire  x . .     SeeInvis .     b - +2 demon whip (pain)
rCold  + . .     Gourm    .     N - +2 troll leather armour
rNeg   + + +     Faith    .     n - +0 buckler
rPois  ∞         Spirit   .     l - +0 helmet
rElec  .         Dismiss  .     z - +2 cloak
rCorr  .         Reflect  .     (no gloves)
MR     +....     Harm     .     V - +1 pair of boots
Stlth  ++........               r - amulet of regeneration
                                (no ring)
                                T - +4 ring of dexterity

@: about to teleport, finesse
A: no food or potions, fire vulnerability, cold resistance 1, negative energy
resistance 3, torment resistance, unbreathing
a: Heroism, Finesse, Renounce Religion


You were on level 13 of the Dungeon.
You worshipped Okawaru.
Okawaru was exalted by your worship.
You were not hungry.

You visited 3 branches of the dungeon, and saw 15 of its levels.
You also visited: Sewer.

You collected 986 gold pieces.
You spent 770 gold pieces at shops.

Inventory:

Hand Weapons
 a - a +2 morningstar of freezing
 b - a +2 demon whip of pain (weapon)
 c - a +0 dagger
 t - a +0 mace
 u - a cursed +0 falchion
 A - a +3 quarterstaff of chaos
 U - a +0 flail
Missiles
 j - a throwing net (quivered)
Armour
 l - a +0 helmet (worn)
 m - a +0 robe
 n - a +0 buckler (worn)
 z - a +2 cloak (worn)
 B - a +0 pair of boots
 N - a +2 troll leather armour (worn)
 O - a troll hide
 Q - the +6 chain mail of the Comet {MR+ rCorr Int-5}
   (Okawaru gifted it to you on level 12 of the Dungeon)

   It affects your intelligence (-5).
   It affects your resistance to hostile enchantments.
   It protects you from acid and corrosion.
 V - a +1 pair of boots (worn)
Magical Staves
 C - an uncursed staff of death
 I - an uncursed staff of summoning
Rods
 M - a +0 rod of ignition (12/12)
   (You found it on level 8 of the Dungeon)
Jewellery
 r - an amulet of regeneration (around neck)
 T - a +4 ring of dexterity (left hand)
Wands
 i - a wand of paralysis (5/24)
 p - a wand of acid (5/15)
 s - a wand of paralysis (4/24)
 x - a wand of confusion (28/48)
 G - a wand of lightning (10/15)
 J - a wand of paralysis (19/24)
 K - a wand of paralysis (13/24)
 L - a wand of acid (9/15)
Scrolls
 d - a scroll of teleportation
 e - a scroll of identify
 h - 5 scrolls of noise
 k - 4 scrolls of random uselessness
 o - 3 scrolls of magic mapping
 q - 2 scrolls of summoning
 v - a scroll of torment
 w - a scroll of fog
 y - 2 scrolls of remove curse
 D - 3 scrolls of amnesia
 E - 2 scrolls of enchant weapon {unknown}
 H - a scroll of immolation {unknown}
 S - a scroll of silence {unknown}
Books
 f - a book of the Dragon

   Spells                             Type                      Level
   a - Flame Tongue                   Conjuration/Fire             1
   b - Cause Fear                     Hexes                        4
   c - Bolt of Fire                   Conjuration/Fire             6
   d - Dragon Form                    Transmutation                7
   e - Dragon's Call                  Summoning                    9
 F - a book of Necromancy

   Spells                             Type                      Level
   a - Pain                           Necromancy                   1
   b - Animate Skeleton               Necromancy                   1
   c - Vampiric Draining              Necromancy                   3
   d - Regeneration                   Charms/Necromancy            3
   e - Animate Dead                   Necromancy                   4
   f - Control Undead                 Necromancy                   4
 P - a book of Death

   Spells                             Type                      Level
   a - Corpse Rot                     Necromancy                   2
   b - Sublimation of Blood           Necromancy                   2
   c - Agony                          Necromancy                   5
   d - Dispel Undead                  Necromancy                   5
   e - Excruciating Wounds            Charms/Necromancy            5
   f - Bolt of Draining               Conjuration/Necromancy       5


   Skills:
 - Level 4.4 Fighting
 - Level 10.9 Maces & Flails
 - Level 3.5 Armour
 - Level 4.4 Dodging
 - Level 1.5 Stealth
 - Level 3.4 Shields
 + Level 8.7 Spellcasting
 + Level 3.9 Conjurations
 + Level 9.8 Necromancy


You had 10 spell levels left.
You knew the following spells:

 Your Spells              Type           Power        Failure   Level  Hunger
a - Bolt of Draining      Conj/Necr      ####......   21%         5    N/A
b - Pain                  Necr           ####         1%          1    N/A
c - Control Undead        Necr           #####.....   1%          4    N/A
e - Vampiric Draining     Necr           #####.....   1%          3    N/A
r - Dispel Undead         Necr           #####...     6%          5    N/A

Dungeon Overview and Level Annotations

Branches:
Dungeon (13/15)            Temple (1/1) D:4            Lair (1/6) D:10
    Orc (0/2) D:12
 Vaults: D:13-14

Altars:
Ashenzari
Cheibriados
Dithmenos
Elyvilon
Fedhas
Gozag
Hepliaklqana
Kikubaaqudgha
Makhleb
Nemelex Xobeh
Okawaru
Qazlal
Ru
Sif Muna
Trog
Uskayaw
Vehumet
Xom
Yredelemnul
Zin
The Shining One

Shops:
D:10 :   D:12 *

Annotations:
D:13 exclusion: door, Frances
Lair:1 kae's ghost, journeyman DsAK


Innate Abilities, Weirdness & Mutations

You do not eat or drink.
Your flesh is vulnerable to fire.
You are immune to poison.
Your flesh is cold resistant. (rC+)
You are immune to negative energy. (rN+++)
You are immune to unholy pain and torment.
You can survive without breathing.


Message History

Casting: Vampiric Draining
Confirm with . or Enter, or press ? or * to list all spells.
Aiming: Vampiric Draining
Press: ? - help, Shift-Dir - straight line, f/p - Frances
Aim: Frances, wielding a scimitar and wearing a runed chain mail (heavily wounded, fast) Frances is heavily wounded.
You feel life coursing into your body.
You feel like a meek peon again.
Frances whispers indecipherable words.
The shard of ice hits you! You partially resist.
Frances chants phrases taken from a devil's mouth.
The iron shot hits you!
* * * LOW HITPOINT WARNING * * *
As you read the scroll of fear, it crumbles to dust.
You assume a fearsome visage.
Frances easily resists.
Frances misses you.
As you read the scroll of teleportation, it crumbles to dust.
You feel strangely unstable.
Frances chants phrases taken from a devil's mouth.
The shard of ice hits you! You partially resist.
You die...

#≈≈≈≈.##.#.....#..##...# #. #
#≈≈≈≈.##....#....###...###.. #
#≈≈≈......(.......#.........##
+............###....#.####....
+............# ##......%##....
+............###....# ##...
≈≈≈.........##..##...# #...
≈≈≈≈........@..## #..# #...
≈≈≈≈........@### .... .....
≈≈≈≈....).....# .@c.#....
≈≈≈.......##.# .....#...
≈.......###.# ........ #.#...#
#.. ......## #.#. #### ..#


You could see Frances.

Vanquished Creatures
  3 centaur warriors
  Urug (D:11)
  A skeletal warrior (D:11)
  3 hill giants
  Pikel (D:7)
  An ugly thing (D:11)
  An orc sorcerer (D:11)
  A deep elf mage (D:13)
  A cyclops (D:11)
  A centaur skeleton (D:12)
  7 trolls
  2 two-headed ogres
  11 slime creatures
  3 hippogriffs
  A meliai zombie (D:13)
  10 yaks
  A vampire (D:12)
  A human (D:8)
  A wyvern (D:9)
  2 hungry ghosts
  7 vampire mosquitoes
  A porcupine (Lair:1)
  7 orc warriors
  3 sky beasts
  2 black bears
  2 ice beasts
  A phantom (D:5)
  2 necrophages
  3 wasps
  4 ogres
  9 centaurs
  A crocodile (Lair:1)
  A big kobold (D:12)
  5 bullfrogs
  A wyvern skeleton (D:13)
  9 killer bees
  5 wights (D:11)
  6 crimson imps
  3 bullfrog zombies
  A centaur zombie (D:5)
  2 jellies
  2 quasits
  Crazy Yiuf (D:7)
  11 orc priests
  5 hounds
  5 bullfrog skeletons
  12 orc wizards
  Ijyb (D:2)
  2 iguanas
  8 worker ants
  3 hound skeletons
  7 gnolls
  A howler monkey skeleton (D:4)
  2 river rats
  9 adders
  2 shadow imps
  4 oozes (Sewer)
  An adder zombie (D:5)
  An adder skeleton (D:4)
  8 worms
  5 dart slugs
  10 leopard geckos
  65 orcs
  24 bats
  6 giant cockroaches
  13 goblins
  13 hobgoblins
  9 jackals
  3 quokkas
  2 ball pythons
  5 frilled lizards
  A jackal skeleton (D:5)
  15 kobolds
  13 rats
397 creatures vanquished.

Vanquished Creatures (others)
  A centaur (D:13)
  A quasit (D:7)
  2 jackals (D:7)
  10 fungi (D:10)
  2 plants (D:10)
16 creatures vanquished.

Grand Total: 413 creatures vanquished

Notes
Turn   | Place    | Note
-------+----------+-------------------------------------------
     0 | D:1      | Alarkh the Mummy Necromancer began the quest for the Orb.
     0 | D:1      | Reached XP level 1. HP: 13/13 MP: 3/3
    76 | D:1      | Reached XP level 2. HP: 19/19 MP: 0/5
   632 | D:1      | Reached XP level 3. HP: 23/24 MP: 1/6
  1114 | D:2      | Noticed Ijyb
  1231 | D:2      | Killed Ijyb
  1231 | D:2      | Reached XP level 4. HP: 19/30 MP: 0/8
  1353 | D:2      | Learned a level 3 spell: Vampiric Draining
  1358 | D:2      | Learned a level 4 spell: Control Undead
  1374 | D:2      | Reached skill level 5 in Necromancy
  2006 | D:3      | Reached XP level 5. HP: 17/35 MP: 1/10
  2234 | D:3      | Found a glowing drain.
  2238 | Sewer    | Entered a sewer
  3949 | D:4      | Reached XP level 6. HP: 41/41 MP: 9/12
  4209 | D:4      | Found a staircase to the Ecumenical Temple.
  4340 | Temple   | Entered the Ecumenical Temple
  4581 | Temple   | Became a worshipper of Warmaster Okawaru
  4802 | D:5      | Entered Level 5 of the Dungeon
  4932 | D:5      | Reached skill level 5 in Spellcasting
  4949 | D:5      | Reached XP level 7. HP: 21/46 MP: 7/14
  5312 | D:5      | Reached * piety under Okawaru
  5702 | D:5      | Reached XP level 8. HP: 48/52 MP: 17/17
  6228 | D:6      | Reached skill level 1 in Maces & Flails
  6349 | D:7      | Noticed Pikel
  6395 | D:7      | Reached skill level 2 in Maces & Flails
  6410 | D:7      | Reached ** piety under Okawaru
  6460 | D:7      | Reached skill level 3 in Maces & Flails
  6483 | D:7      | Found a runed door.
  6674 | D:7      | Killed Pikel
  6674 | D:7      | Reached skill level 5 in Maces & Flails
  6674 | D:7      | Reached XP level 9. HP: 20/57 MP: 9/19
  7080 | D:7      | Reached *** piety under Okawaru
  7080 | D:7      | Reached skill level 6 in Maces & Flails
  7209 | D:7      | Noticed Crazy Yiuf
  7213 | D:7      | Killed Crazy Yiuf
  7713 | D:8      | Reached skill level 7 in Maces & Flails
  7887 | D:9      | Found a white marble altar of Elyvilon.
  8209 | D:9      | Reached **** piety under Okawaru
  8209 | D:9      | Reached skill level 8 in Maces & Flails
  8472 | D:9      | Reached XP level 10. HP: 56/63 MP: 16/20
  9002 | D:8      | Reached skill level 9 in Maces & Flails
  9366 | D:8      | Identified a +0 rod of ignition (12/12) (You found it on level 8 of the Dungeon)
  9619 | D:10     | Entered Level 10 of the Dungeon
  9764 | D:10     | Reached ***** piety under Okawaru
  9789 | D:10     | Reached skill level 1 in Fighting
  9825 | D:10     | Reached skill level 1 in Armour
  9825 | D:10     | Reached skill level 1 in Shields
  9863 | D:10     | Found Onied's Book Boutique.
 10179 | D:10     | Reached skill level 10 in Maces & Flails
 10343 | D:10     | Found a staircase to the Lair.
 10445 | D:11     | Noticed a hill giant
 10453 | D:10     | Killed a hill giant
 10477 | D:11     | Received a gift from Okawaru
 10477 | D:11     | Reached XP level 11. HP: 71/74 MP: 16/21
 10586 | D:11     | Noticed a cyan ugly thing
 10603 | D:11     | Killed a cyan ugly thing
 10817 | D:11     | Found a runed door.
 11014 | D:11     | Noticed Urug
 11041 | D:11     | Killed Urug
 11184 | D:11     | Noticed a skeletal warrior
 11184 | D:11     | Noticed an orc sorcerer
 11216 | D:11     | Killed a skeletal warrior
 11220 | D:11     | HP: 2/75 [orc sorcerer/bolt of fire (28)]
 11258 | D:11     | Killed an orc sorcerer
 11417 | Lair:1   | Entered Level 1 of the Lair of Beasts
 11503 | Lair:1   | Noticed a six-headed hydra
 11510 | Lair:1   | Noticed kae's ghost (journeyman DsAK)
 11573 | D:10     | Bought a book of Death for 770 gold pieces
 11579 | D:10     | Learned a level 5 spell: Dispel Undead
 11585 | D:10     | Learned a level 5 spell: Bolt of Draining
 11599 | D:12     | Found a staircase to the Orcish Mines.
 11599 | D:12     | Noticed a centaur warrior
 11662 | D:12     | Killed a centaur warrior
 11662 | D:12     | Reached ****** piety under Okawaru
 11785 | D:12     | Noticed a hill giant
 11821 | D:12     | Killed a hill giant
 11821 | D:12     | Received a gift from Okawaru
 11821 | D:12     | Reached skill level 1 in Conjurations
 11837 | D:12     | Got a heavily runed chain mail {god gift}
 12206 | D:12     | Reached XP level 12. HP: 84/84 MP: 23/23
 12378 | D:12     | Found Hozoh's Blood Bar.
 12512 | D:12     | Identified the +6 chain mail of the Comet {MR+ rCorr Int-5} (Okawaru gifted it to you on level 12 of the Dungeon)
 12617 | D:13     | Noticed a centaur warrior
 12756 | D:13     | Killed a centaur warrior
 12919 | D:13     | Noticed Frances
 12924 | D:13     | Noticed a centaur warrior
 12930 | D:13     | Noticed a tengu warrior
 13098 | D:13     | Killed a centaur warrior
 13136 | D:13     | Noticed a vault guard
 13188 | D:13     | Killed from afar by Frances

Vault maps used:
D:1:      tarquinn_simple_flora_water_c
D:2:      uniq_iyjb
D:3:      gup_sewer_entry_spiral, first_bread
D:5:      corexii_shantytown, kennysheep_generic_room_12, uniq_sigmund
D:7:      uniq_pikel, uniq_crazy_yiuf_cottage
D:8:      grunt_pizzeria
D:9:      elyvilon_altar_5
D:10:     grunt_lair_entry_orc_guard_hut, serial_shops, shop_statue
D:11:     wad_hexagon, uniq_urug
D:12:     guppyfry_shop_blood
D:13:     grunt_vaults_entry_fortified, uniq_frances
Temple:   nicolae_temple_the_god_donut
Lair:1:   grunt_megastairs_1
Sewer:    sewer_fruit_machine

Skill      XL: |  1  2  3  4  5  6  7  8  9 10 11 12 |
---------------+-------------------------------------+-----
Spellcasting   | 3 4 5 6 7 8 |  8.7
Necromancy     | 5 6 7 8 9 |  9.8
Maces & Flails | 5 8 10 | 10.9
Fighting       | 2 4 |  4.4
Dodging        | 3 4 |  4.4
Armour         | 2 3 |  3.5
Shields        | 2 3 |  3.4
Conjurations   | 1 3 |  3.9
Stealth        | |  1.5

Action                   |  1- 3 |  4- 6 |  7- 9 | 10-12 || total
-------------------------+-------+-------+-------+-------++-------
Melee: Dagger            |    51 |     1 |       |       ||    52
       Unarmed           |     4 |       |       |       ||     4
       Mace              |       |    64 |    37 |       ||   101
       Morningstar       |       |       |   276 |   357 ||   633
       Demon whip        |       |       |       |   476 ||   476
 Cast: Pain              |    54 |   210 |   130 |    68 ||   462
       Vampiric Draining |       |     1 |    22 |    65 ||    88
Invok: Heroism           |       |       |     1 |    13 ||    14
       Finesse           |       |       |       |     3 ||     3
Evoke: Wand              |       |       |       |     3 ||     3
       Rod               |       |       |       |     2 ||     2
  Use: Scroll            |     2 |    10 |     3 |    16 ||    31
 Stab: Sleeping          |     1 |       |     1 |       ||     2
       Distracted        |       |       |     1 |       ||     1
       Paralysed         |       |       |       |     7 ||     7
Armor: Robe              |    13 |    52 |   134 |    85 ||   284
       Troll leather arm |       |       |       |   178 ||   178
Dodge: Dodged            |    52 |   104 |   233 |   433 ||   822
Block: Buckler           |       |    16 |    59 |   168 ||   243
